AoeStats
← Ux'RaúlME

Arabia

508103009Analyzed
1v1 RM · 12d ago on Sep 20, 2026· 39m 42s· 2 players
Game mode
Random Map
Map size
Tiny (2 player)
Population
200
Speed
Normal
Resources
Standard
Victory
Conquest
Starting age
Dark Age
Ending age
Imperial Age
RankedLock teamsTeams togetherTeam positionsShared explorationLock speedFull tech treeHidden civsTurbo modeCheats
Victory
Defeat
🇲🇽 Franks · Mexico
1369
+15
🇦🇺 Koreans · Australia
1352
-15
earlitepainters
5:11 Loom
10:30 Feudal Age
17:20 Double-Bit Axe
19:47 Fletching
24:14 Castle Age
22:43 Gold Mining
24:23 Crossbowman
36:09 Bodkin Arrow
38:45 Wheelbarrow
39:09 Pikeman
40:29 Hand Cart
Ux'RaúlME
6:36 Loom
9:21 Feudal Age
9:51 Double-Bit Axe
18:49 Castle Age
18:04 Stone Mining
19:26 Scale Barding Armor
20:26 Scale Barding Armor
23:13 Wheelbarrow
23:16 Town Watch
25:16 Fletching
29:02 Bodkin Arrow
29:08 Padded Archer Armor
32:57 Imperial Age
34:17 Cavalier
34:58 Husbandry
36:36 Chain Barding Armor
36:26 Forging
38:25 Hand Cart
Connection lost

Rejoining the realm…

Still unreachable

The connection could not be restored.

Session expired

The server has moved on; the page needs a fresh start.